 Dungeon Sprint DCSS version 0.20-a0-1050-g57248f3 (webtiles) character file.

10012 lordofpotatos the Warrior (level 11, -16/81 HPs)
             Began as a Gargoyle Fighter on Apr 25, 2017.
             Demolished by Momoass the pandemonium lord (29 damage)
             ... in the Dungeon (Sprint V: "Ziggurat Sprint").
             The game lasted 00:22:38 (999 turns).

lordofpotatos the Warrior (Gargoyle Fighter)         Turns: 999, Time: 00:22:38

Health: -16/81     AC: 40    Str: 35    XL:     11   Next: 55%
Magic:  9/9        EV:  9    Int:  7    God:
Gold:   0          SH: 34    Dex: 16    Spells: 10/10 levels left

rFire    + + .     SeeInvis .   c - +8 lance "Wyrmbane" {slay drac, rPois rF+ rC+ AC+3}
rCold    + + .     Gourm    .   b - +18 shield of the Gong {rElec rN+ MR+ EV-5}
rNeg     + + .     Faith    .   a - +15 Maxwell's patent armour {-Cast -Tele rElec MR+ rCorr}
rPois    ∞         Spirit   .   (no helmet)
rElec    +         Reflect  .   k - +2 cloak {+Inv}
rCorr    +         Harm     .   (no gloves)
MR       ++...     NoTele   +   (no boots) Stlth ..........NoCast +
                                (no amulet)
Regen    0.3/turn               A - +6 ring of strength
MPRegen  0.2/turn               B - +6 ring of strength

@: agile, resistant
A: agile 1, deterioration 1, dopey 1, low mp 1, negative energy resistance 1,
electricity resistance, unbreathing, eyeballs 1, pseudopods 1, jelly sensing
items, petrification resistance, no potion heal 1, rot immunity, MP-powered
wands, sturdy frame 1, AC +7
a: Evoke Invisibility


You were in the Dungeon.
You were very full.

You visited 1 branch

Inventory:

Hand Weapons
 c - the +8 lance "Wyrmbane" (weapon) {slay drac, rPois rF+ rC+ AC+3}
   (You found it in the Dungeon)

   It affects your AC (+3).
   It protects you from fire.
   It protects you from cold.
   It protects you from poison.
Armour
 a - the +15 Maxwell's patent armour (worn) {-Cast -Tele rElec MR+ rCorr}
   (You found it in the Dungeon)

   It insulates you from electricity.
   It affects your resistance to hostile enchantments.
   It prevents spellcasting.
   It prevents most forms of teleportation.
   It protects you from acid and corrosion.
 b - the +18 shield of the Gong (worn) {rElec rN+ MR+ EV-5}
   (You found it in the Dungeon)

   It affects your evasion (-5).
   It insulates you from electricity.
   It protects you from negative energy.
   It affects your resistance to hostile enchantments.
 k - a +2 cloak of invisibility (worn)
Jewellery
 A - a +6 ring of strength (left hand)
 B - a +6 ring of strength (right hand)
Wands
 q - a wand of random effects (13/48)
Scrolls
 o - a scroll of holy word
 v - 5 scrolls of remove curse
Potions
 d - 2 potions of might
 e - 10 potions of curing
 g - 5 potions of heal wounds
 h - 9 potions of haste
 i - 7 potions of magic
 j - 2 potions of berserk rage
 l - 2 potions of brilliance
 m - 2 potions of invisibility
 n - 3 potions of resistance
 p - 3 potions of agility
Comestibles
 f - 5 bread rations
 x - 42 fruits
 z - 4 meat rations


   Skills:
 + Level 15.3 Fighting
   Level 2.0 Maces & Flails
 + Level 12.8 Polearms
 + Level 15.1 Armour
 + Level 15.2 Shields


You had 10 spell levels left.
You didn't know any spells.

Dungeon Overview and Level Annotations

Branches:
Dungeon (1/1)

Altars:
Ashenzari
Cheibriados
Dithmenos
Elyvilon
Fedhas
Gozag
Hepliaklqana
Kikubaaqudgha
Makhleb
Nemelex Xobeh
Okawaru
Qazlal
Ru
Sif Muna
Trog
Uskayaw
Vehumet
Wu Jian
Xom
Yredelemnul
Zin
The Shining One
Beogh
Jiyva
Lugonu


Innate Abilities, Weirdness & Mutations

You are resistant to torment.
Your stone body is resilient. (AC +7)
You are immune to poison.
You resist negative energy. (rN+)
You are resistant to electric shocks. (rElec)
You can survive without breathing.
You are immune to petrification.
You are immune to rotting.
You are agile. (Dex +2)
Your body sometimes deteriorates upon taking damage.
You are dopey. (Int -2)
Your magical capacity is low. (-10% MP)
Your body has grown golden eyes which may confuse attackers. (Acc +3)
Armour fits poorly on your pseudopods.
You have a small jelly attached to you that senses nearby items.
Potions are less effective at restoring your health.
You expend magic power (3 MP) to strengthen your wands.
Your movements are slightly less encumbered by armour. (ER -2)


Message History

The shadow demon gestures.
Hivun gestures at you. The bolt of fire hits you!
The bolt of fire hits the smoke demon.
The smoke demon resists.
Unknown command.
Your system partially rejects the healing.
You feel much better.
The smoke demon disappears in a puff of smoke!
Momoass hits you but does no damage. You block Itar's attack.
GONNNNG!
You block the soul eater's attack.
SHROANNG!
You block the torturous demonspawn's attack.
BOUMMMMG!
You block the red devil's attack.
GONNNNG!
Hivun gestures at you. The bolt of fire hits you! You resist.
* * * LOW HITPOINT WARNING * * *
Momoass hits you!!
You die...

∆∆∆∆∆ ▓..))).)..▓
▓..:=:=?..▓...=)[)..▓
▓.........▓.........▓
▓....4§§§.▓.........▓
▓...66.w§.▓...).....▓
▓...3&§§..▓.........▓
▓..4624...▓.▓.....▓.▓
▓.▓.&&3.▓.▓.........▓
▓..4&@.§..▓▓▓▓▓▓▓▓▓▓▓
▓▓▓▓▓▓▓▓▓▓▓ ∆∆∆∆∆∆∆∆
∆∆∆∆∆∆∆∆∆
∆∆∆∆∆∆∆∆∆∆∆∆∆∆∆∆∆∆
∆∆∆∆∆∆∆∆∆


You could see Hivun, Itar, Jeim, Momoass, an eldritch tentacle, a gelid
warmonger, an infernal black sun, a soul eater, a sun demon, a shadow demon, a
torturous demonspawn, an orange demon, a hellwing, a rust devil and a red devil.

Vanquished Creatures
  Erica (D)
  A dancing weapon (D)
  A deep elf knight (D)
  A deep elf archer (D)
  2 deep elf magi (D)
  4 ugly things (D)
  2 shining eyes (D)
  A cyclops (D)
  A guardian serpent (shapeshifter) (D)
  3 merfolk (D)
  A troll (shapeshifter) (D)
  A polar bear (shapeshifter) (D)
  A blink frog (shapeshifter) (D)
  2 hippogriffs (D)
  Sigmund (D)
  A wyvern (shapeshifter) (D)
  3 neqoxecs (D)
  A golden eye (shapeshifter) (D)
  Edmund (D)
  A naga (shapeshifter) (D)
  A floating eye (shapeshifter) (D)
  2 orc warriors (D)
  Duvessa (D)
  2 wolves (D)
  A centaur (D)
  Blork the orc (D)
  Dowan (D)
  4 scorpions (D)
  6 jellies (D)
  Crazy Yiuf (D)
  2 orc wizards (D)
  Jessica (D)
  An ooze (D)
  2 orcs (D)
56 creatures vanquished.

Vanquished Creatures (others)
  Pikel (D)
  Grum (D)
2 creatures vanquished.

Grand Total: 58 creatures vanquished

Notes
Turn   | Place    | Note
-------+----------+-------------------------------------------
     0 | D        | lordofpotatos the Gargoyle Fighter began the quest for the Orb.
     0 | D        | Reached XP level 1. HP: 14/14 MP: 1/1
     0 | D        | Found a blossoming altar of Fedhas.
     1 | D        | Found a deep blue altar of Sif Muna.
     1 | D        | Found a sacrificial altar of Ru.
     1 | D        | Found a bloodstained altar of Trog.
     1 | D        | Found a stormy altar of Qazlal.
     1 | D        | Found an iron altar of Okawaru.
     1 | D        | Found a sparkling altar of Nemelex Xobeh.
     3 | D        | Found an ancient bone altar of Kikubaaqudgha.
     3 | D        | Found a viscous altar of Jiyva.
     3 | D        | Found a corrupted altar of Lugonu.
     3 | D        | Found a hazy altar of Hepliaklqana.
     3 | D        | Found a burning altar of Makhleb.
     3 | D        | Found an opulent altar of Gozag.
   110 | D        | Became a worshipper of Jiyva Jizuitt the Shapeless
   112 | D        | Reached * piety under Jiyva
   112 | D        | Reached ** piety under Jiyva
   113 | D        | Reached *** piety under Jiyva
   114 | D        | Reached **** piety under Jiyva
   114 | D        | Gained mutation: Your muscles are strong. (Str +2) [Jiyva's grace]
   115 | D        | Reached ***** piety under Jiyva
   115 | D        | Gained mutation: Your magical capacity is low. (-10% MP) [Jiyva's grace]
   115 | D        | Gained mutation: Your body sometimes deteriorates upon taking damage. [Jiyva's grace]
   116 | D        | Lost mutation: Your body sometimes deteriorates upon taking damage. [Jiyva's power]
   116 | D        | Lost mutation: Your magical capacity is low. (-10% MP) [Jiyva's grace]
   116 | D        | Gained mutation: Your body sometimes deteriorates upon taking damage. [Jiyva's grace]
   116 | D        | Gained mutation: You are agile. (Dex +2) [Jiyva's grace]
   116 | D        | Reached ****** piety under Jiyva
   118 | D        | Lost mutation: Your muscles are strong. (Str +2) [Jiyva's grace]
   118 | D        | Gained mutation: You are very agile. (Dex +4) [Jiyva's grace]
   121 | D        | Lost mutation: Your body sometimes deteriorates upon taking damage. [Jiyva's power]
   121 | D        | Lost mutation: You are very agile. (Dex +4) [Jiyva's grace]
   121 | D        | Gained mutation: You are robust. (+10% HP) [Jiyva's grace]
   121 | D        | Gained mutation: Your translucent skin slightly reduces your foes' accuracy. (Stealth) [Jiyva's grace]
   121 | D        | Gained mutation: You have a beak for a mouth. [Jiyva's grace]
   121 | D        | Lost mutation: Your translucent skin slightly reduces your foes' accuracy. (Stealth) [Jiyva's grace]
   121 | D        | Lost mutation: You have a beak for a mouth. [Jiyva's grace]
   121 | D        | Lost mutation: You are agile. (Dex +2) [Jiyva's grace]
   121 | D        | Gained mutation: You have acidic saliva. [Jiyva's grace]
   123 | D        | Gained mutation: You are resistant to hostile enchantments. (MR+) [Jiyva's grace]
   123 | D        | Lost mutation: You are resistant to hostile enchantments. (MR+) [Jiyva's grace]
   123 | D        | Gained mutation: You expend magic power (3 MP) to strengthen your wands. [Jiyva's grace]
   123 | D        | Lost mutation: You expend magic power (3 MP) to strengthen your wands. [Jiyva's grace]
   123 | D        | Gained mutation: You are somewhat resistant to further mutation. [Jiyva's grace]
   123 | D        | Lost mutation: You are somewhat resistant to further mutation. [Jiyva's grace]
   123 | D        | Gained mutation: You evolve. [Jiyva's grace]
   123 | D        | Gained mutation: Your rubbery body absorbs attacks. (AC +1, EV +1) [Jiyva's grace]
   123 | D        | Lost mutation: You evolve. [Jiyva's grace]
   125 | D        | Lost mutation: You are robust. (+10% HP) [Jiyva's grace]
   125 | D        | Gained mutation: You have a small jelly attached to you that may absorb incoming projectiles. [Jiyva's grace]
   125 | D        | Gained mutation: Your flesh is heat resistant. (rF+) [Jiyva's grace]
   125 | D        | Lost mutation: You have a small jelly attached to you that may absorb incoming projectiles. [Jiyva's grace]
   128 | D        | Gained mutation: Your mind is acute. (Int +2) [Jiyva's grace]
   129 | D        | Gained mutation: You are agile. (Dex +2) [Jiyva's grace]
   132 | D        | Gained mutation: You are robust. (+10% HP) [Jiyva's grace]
   134 | D        | Gained mutation: You are resistant to hostile enchantments. (MR+) [Jiyva's grace]
   136 | D        | Gained mutation: You have a small jelly attached to you that senses nearby items. [Jiyva's grace]
   138 | D        | Gained mutation: You have a small jelly attached to you that may absorb incoming projectiles. [Jiyva's grace]
   138 | D        | Lost mutation: Your mind is acute. (Int +2) [Jiyva's grace]
   138 | D        | Gained mutation: You are partially covered in icy blue scales. (AC +2) [Jiyva's grace]
   138 | D        | Gained mutation: Your spells are a little harder to cast, but a little more powerful. [Jiyva's grace]
   140 | D        | Lost mutation: You are resistant to hostile enchantments. (MR+) [Jiyva's grace]
   140 | D        | Lost mutation: You have a small jelly attached to you that may absorb incoming projectiles. [Jiyva's grace]
   140 | D        | Lost mutation: You are agile. (Dex +2) [Jiyva's grace]
   140 | D        | Gained mutation: Your muscles are strong. (Str +2) [Jiyva's grace]
   140 | D        | Lost mutation: Your muscles are strong. (Str +2) [Jiyva's grace]
   142 | D        | Lost mutation: Your spells are a little harder to cast, but a little more powerful. [Jiyva's grace]
   142 | D        | Lost mutation: Your flesh is heat resistant. (rF+) [Jiyva's grace]
   143 | D        | Lost mutation: You are robust. (+10% HP) [Jiyva's grace]
   143 | D        | Lost mutation: Your rubbery body absorbs attacks. (AC +1, EV +1) [Jiyva's grace]
   143 | D        | Gained mutation: Your muscles are strong. (Str +2) [Jiyva's grace]
   143 | D        | Lost mutation: You have acidic saliva. [Jiyva's grace]
   143 | D        | Lost mutation: Your muscles are strong. (Str +2) [Jiyva's grace]
   146 | D        | Gained mutation: Armour fits poorly on your strangely shaped body. [Jiyva's grace]
   147 | D        | Lost mutation: Armour fits poorly on your strangely shaped body. [Jiyva's power]
   152 | D        | Gained mutation: You are somewhat resistant to further mutation. [Jiyva's grace]
   156 | D        | Gained mutation: You are resistant to hostile enchantments. (MR+) [Jiyva's grace]
   160 | D        | Gained mutation: You expend magic power (3 MP) to strengthen your wands. [Jiyva's grace]
   165 | D        | Lost mutation: You expend magic power (3 MP) to strengthen your wands. [Jiyva's grace]
   170 | D        | Lost mutation: You are partially covered in icy blue scales. (AC +2) [Jiyva's grace]
   176 | D        | Gained mutation: You are partially covered in large bone plates. (SH +4) [Jiyva's grace]
   185 | D        | Gained mutation: You are frail. (-10% HP) [Jiyva's grace]
   191 | D        | Lost mutation: You are frail. (-10% HP) [Jiyva's grace]
   196 | D        | Gained mutation: Potions are less effective at restoring your health. [Jiyva's grace]
   203 | D        | Lost mutation: You are resistant to hostile enchantments. (MR+) [Jiyva's grace]
   207 | D        | Lost mutation: You are partially covered in large bone plates. (SH +4) [Jiyva's grace]
   211 | D        | Lost mutation: Potions are less effective at restoring your health. [Jiyva's grace]
   215 | D        | Gained mutation: Your body has grown golden eyes which may confuse attackers. (Acc +3) [Jiyva's grace]
   220 | D        | Gained mutation: You are partially covered in yellow scales. (AC +2) [Jiyva's grace]
   228 | D        | Gained mutation: You occasionally shout uncontrollably at your foes. [Jiyva's grace]
   235 | D        | Lost mutation: You are somewhat resistant to further mutation. [Jiyva's grace]
   235 | D        | Gained mutation: You evolve. [Jiyva's grace]
   242 | D        | Lost mutation: You occasionally shout uncontrollably at your foes. [Jiyva's grace]
   245 | D        | Lost mutation: You are partially covered in yellow scales. (AC +2) [Jiyva's grace]
   249 | D        | Lost mutation: You evolve. [Jiyva's grace]
   249 | D        | Gained mutation: You are somewhat resistant to further mutation. [Jiyva's grace]
   254 | D        | Gained mutation: Your translucent skin slightly reduces your foes' accuracy. (Stealth) [Jiyva's grace]
   258 | D        | Lost mutation: You are somewhat resistant to further mutation. [Jiyva's grace]
   264 | D        | Gained mutation: Armour fits poorly on your pseudopods. [Jiyva's grace]
   267 | D        | Gained mutation: Your movements are slightly less encumbered by armour. (ER -2) [Jiyva's grace]
   269 | D        | Fell from the grace of Jiyva
   272 | D        | Entered arena 2.
   272 | D        | Noticed a wolf
   272 | D        | Noticed a wolf
   277 | D        | Killed a wolf
   277 | D        | Reached skill level 5 in Fighting
   277 | D        | Reached skill level 5 in Armour
   277 | D        | Reached skill level 5 in Shields
   277 | D        | Reached XP level 2. HP: 19/22 MP: 2/2
   277 | D        | Reached XP level 3. HP: 23/27 MP: 3/3
   277 | D        | Reached XP level 4. HP: 27/32 MP: 4/4
   281 | D        | Killed a wolf
   281 | D        | Reached XP level 5. HP: 31/37 MP: 5/5
   333 | D        | Killed Grum
   388 | D        | Entered arena 3.
   388 | D        | Noticed a brown ugly thing
   388 | D        | Noticed a brown ugly thing
   388 | D        | Noticed a wyvern
   389 | D        | Reached XP level 6. HP: 45/45 MP: 6/6
   394 | D        | Killed a wyvern
   394 | D        | Reached XP level 7. HP: 41/51 MP: 7/7
   403 | D        | Killed a brown ugly thing
   403 | D        | Reached skill level 10 in Fighting
   403 | D        | Reached skill level 10 in Armour
   403 | D        | Reached skill level 10 in Shields
   403 | D        | Reached XP level 8. HP: 47/57 MP: 8/8
   418 | D        | Killed a purple ugly thing
   476 | D        | Entered arena 4.
   497 | D        | Got the +7 plate armour of True Grit {rF+ rN+ Str+3}
   525 | D        | Entered arena 5.
   525 | D        | Noticed a white ugly thing
   525 | D        | Noticed a blink frog
   534 | D        | Killed a white ugly thing
   534 | D        | Reached XP level 9. HP: 43/65 MP: 9/9
   659 | D        | Entered arena 6.
   659 | D        | Noticed a deep elf mage
   659 | D        | Noticed a deep elf knight
   659 | D        | Noticed a deep elf mage
   659 | D        | Noticed a glaive of protection
   659 | D        | Noticed a deep elf archer
   666 | D        | Killed a deep elf knight
   666 | D        | Reached skill level 10 in Polearms
   677 | D        | Killed a deep elf mage
   680 | D        | Killed a deep elf mage
   680 | D        | Reached XP level 10. HP: 45/72 MP: 10/10
   687 | D        | Killed a deep elf archer
   701 | D        | Killed a glaive of protection
   724 | D        | Entered arena 7.
   724 | D        | Noticed a shining eye
   737 | D        | Gained mutation: You are dopey. (Int -2) [a shining eye]
   741 | D        | Killed a shining eye
   751 | D        | Killed Pikel
   757 | D        | Entered arena 8.
   780 | D        | Got the ring "Roonuquule" {rF++ Stlth-}
   791 | D        | Entered arena 9.
   791 | D        | Noticed a cyclops
   809 | D        | Killed a cyclops
   828 | D        | Reached XP level 11. HP: 80/80 MP: 11/11
   860 | D        | Entered arena 10.
   860 | D        | Noticed Sigmund
   860 | D        | Noticed Jessica
   860 | D        | Noticed Blork the orc
   860 | D        | Noticed Crazy Yiuf
   860 | D        | Noticed Dowan
   860 | D        | Noticed Duvessa
   860 | D        | Noticed Edmund
   860 | D        | Noticed Erica
   865 | D        | Killed Duvessa
   867 | D        | Killed Dowan
   868 | D        | Killed Crazy Yiuf
   870 | D        | Killed Jessica
   878 | D        | Killed Sigmund
   879 | D        | Killed Edmund
   880 | D        | Killed Erica
   887 | D        | Killed Blork the orc
   917 | D        | Entered arena 11.
   917 | D        | Noticed a shining eye
   917 | D        | Noticed a red ugly thing
   918 | D        | Gained mutation: You expend magic power (3 MP) to strengthen your wands. [a neqoxec]
   934 | D        | Killed a red ugly thing
   939 | D        | Killed a shining eye
   939 | D        | Reached skill level 15 in Fighting
   939 | D        | Reached skill level 15 in Shields
   942 | D        | Gained mutation: Your body sometimes deteriorates upon taking damage. [a neqoxec]
   944 | D        | Reached skill level 15 in Armour
   946 | D        | Gained mutation: Your magical capacity is low. (-10% MP) [a neqoxec]
   964 | D        | Gained mutation: Potions are less effective at restoring your health. [mutagenic meat]
   965 | D        | Gained mutation: You are agile. (Dex +2) [mutagenic meat]
   966 | D        | Lost mutation: Your translucent skin slightly reduces your foes' accuracy. (Stealth) [mutagenic meat]
   972 | D        | Got the ring of Xom's Bemusement {rC+ Str-2 Int+3 Dex+4}
   989 | D        | Entered arena 12.
   989 | D        | Noticed Hivun the pandemonium lord
   989 | D        | Noticed a gelid warmonger
   989 | D        | Noticed Momoass the pandemonium lord
   989 | D        | Noticed a soul eater
   990 | D        | Noticed Itar the pandemonium lord
   990 | D        | Noticed a sun demon
   991 | D        | Noticed a torturous demonspawn
   992 | D        | Noticed an infernal black sun
   992 | D        | Noticed Jeim the pandemonium lord
   993 | D        | Noticed a shadow demon
   999 | D        | Demolished by Momoass the pandemonium lord

Vault maps used:
D:        sprint_v

Skill      XL: |  1  2  3  4  5  6  7  8  9 10 11 |
---------------+----------------------------------+-----
Fighting       | 5 6 8 9 10 11 12 14 15 | 15.3
Polearms       | 3 4 6 7 9 10 11 12 | 12.8
Armour         | 5 6 8 9 10 11 12 14 15 | 15.1
Shields        | 5 6 8 9 10 11 12 14 15 | 15.2
Maces & Flails | |  2.0

Action                   |  1- 3 |  4- 6 |  7- 9 | 10-12 || total
-------------------------+-------+-------+-------+-------++-------
Melee: Lance             |     2 |    13 |    70 |   147 ||   232
       Pseudopods        |     1 |     3 |    23 |    43 ||    70
Invok: Cure Bad Mutation |     5 |       |       |       ||     5
       Renounce Religion |     1 |       |       |       ||     1
  Use: Potion            |     3 |     1 |     1 |    11 ||    16
  Eat: Chunk             |       |       |       |     3 ||     3
Armor: Plate armour      |     3 |     2 |    12 |    61 ||    78
Dodge: Dodged            |     2 |       |     1 |    26 ||    29
Block: Shield            |    12 |     6 |    69 |   214 ||   301
